 Dungeon Crawl Stone Soup version 0.24-a0-201-gf205589 (webtiles) character file.

Game seed: 17453194739187847468

51 Ivan the Skirmisher (level 3, -1/34 HPs)
             Began as a Minotaur Abyssal Knight on Mar 24, 2019.
             Was a Believer of Lugonu.
             Slain by an adder (5 damage)
             ... on level 2 of the Dungeon.
             The game lasted 00:04:55 (666 turns).

Ivan the Skirmisher (Minotaur Abyssal Knight)        Turns: 666, Time: 00:04:57

Health: -1/34      AC:  3    Str: 17    XL:     3   Next: 57%
Magic:  3/3        EV: 11    Int:  9    God:    Lugonu [**....]
Gold:   37         SH:  0    Dex:  9    Spells: 2/2 levels left

rFire    + . .     SeeInvis .   a - +1 mace
rCold    . . .     Gourm    .   (no shield)
rNeg     . . .     Faith    .   b - +0 leather armour
rPois    .         Spirit   .   (helmet restricted)
rElec    .         Reflect  .   (no cloak)
rCorr    .         Harm     .   (no gloves)
MR       .....                  (no boots)
Stlth    +.........             (no amulet)
HPRegen  0.11/turn              h - ring of protection from fire
MPRegen  0.08/turn              (no ring)

@: lethally poisoned (-1 -> -11)
A: retaliatory headbutt, horns 2
a: Depart the Abyss, Bend Space, Renounce Religion


You were on level 2 of the Dungeon.
You worshipped Lugonu.
Lugonu was pleased with you.
You were not hungry.

You visited 1 branch of the dungeon, and saw 2 of its levels.
You visited the Abyss 1 time.

You collected 37 gold pieces.

Inventory:

Hand Weapons
 a - a +1 mace (weapon)
Armour
 b - a +0 leather armour (worn)
Jewellery
 h - a ring of protection from fire (left hand)
Scrolls
 g - a scroll of remove curse {unknown}
 j - a scroll of magic mapping {unknown}
Potions
 d - a potion of invisibility {unknown}
 e - 2 potions of resistance
 f - a potion of heal wounds {unknown}
 i - 2 potions of brilliance
 k - a potion of curing {unknown}
Comestibles
 c - a ration


   Skills:
 + Level 4.4 Fighting
 + Level 3.5 Maces & Flails
 + Level 2.7 Armour
 + Level 1.5 Dodging
 + Level 1.9 Invocations


You had 2 spell levels left.
You didn't know any spells.
Your spell library was empty.

Dungeon Overview and Level Annotations

Branches:
Dungeon (2/15)

Altars:
Wu Jian


Innate Abilities, Weirdness & Mutations

You reflexively headbutt those who attack you in melee.
You have a pair of horns on your head.


Message History

The adder poisons you!
The frilled lizard bites you but does no damage.
The adder bites you.
You are more poisoned.
The adder poisons you!
You feel sick. The frilled lizard bites you.
You feel sick.
You feel sick. The adder completely misses you.
You closely miss the adder. Your headbutt misses the adder.
You feel sick. The adder bites you but does no damage.
You barely miss the adder. Your headbutt misses the adder.
You feel sick. The adder bites you but does no damage.
The adder closely misses you. You furiously retaliate!
You headbutt the adder. You barely miss the adder.
The adder is moderately wounded.
You feel sick. The adder bites you.
* * * LOW HITPOINT WARNING * * *
You are more poisoned.
The adder poisons you! The adder bites you.
You die...

.. #. # #.### # ...... #
###... # $[##..### #
...'....# ##+## #
.$.#..).#### ##...## #
..#####wlS@# ##.)...## ###
#+###.##w#.####.......###..
##.+%.r#...............##.#
l+###.##.............†(((..
.b#.#+#....###.......(.##.#
[.#.....(#.# #........###.#
..#..#.....# #.#.....## #.#
.##.....######.##...## #..
#.###..[......###'## ###


You could see a worm, an adder, a dart slug, a frilled lizard and a rat.

Vanquished Creatures
  A worm (D:2)
  2 leopard geckos
  11 bats
  3 giant cockroaches
  8 hobgoblins
  2 jackals (D:1)
  A quokka (D:2)
  A frilled lizard (D:2)
  5 goblins
  5 kobolds
  3 rats
42 creatures vanquished.

Notes
Turn   | Place    | Note
-------+----------+-------------------------------------------
     0 | Abyss:1  | Ivan the Minotaur Abyssal Knight began the quest for the
                  | Orb.
     0 | Abyss:1  | Reached XP level 1. HP: 19/19 MP: 1/1
    15 | Abyss:1  | Found a corrupted altar of Lugonu.
    58 | Abyss:1  | Noticed a large abomination
    68 | Abyss:1  | Noticed a large abomination
    72 | D:1      | Escaped the Abyss
   126 | D:1      | Reached XP level 2. HP: 15/27 MP: 2/2
   158 | D:1      | Reached * piety under Lugonu
   163 | D:1      | Reached skill level 4 in Fighting
   342 | D:1      | Reached XP level 3. HP: 11/33 MP: 3/3
   599 | D:2      | Found a faded altar of an unknown god.
   627 | D:2      | Reached ** piety under Lugonu
   632 | D:2      | Found an ornate altar of the Wu Jian Council.
   666 | D:2      | Slain by an adder

Levels and vault maps discovered:
D:1:      matt_arrival_grand_opening, layout_basic, corexii_leaking_fountain,
          minmay_tall_x
D:2:      layout_loops_corners, overflow_temple_1_default,
          chequers_ecumenical_altar_simple, minmay_joined_circles
Abyss:1

Skill      XL: |  1  2 |
---------------+-------+-----
Maces & Flails | 3 |  3.5
Fighting       | 4 |  4.4
Armour         | |  2.7
Dodging        | |  1.5
Invocations    | |  1.9

Action                   || total
-------------------------++-------
Melee: Mace              ||    85
       Headbutt          ||     8
Invok: Depart the Abyss  ||     1
  Use: Scroll            ||     2
Armor: Leather armour    ||    50
Dodge: Dodged            ||   102

Table legend:
 A = Non-vault XP
 B = Vault XP
 C = Vault XP percentage of total XP
 D = Non-vault monster count
 E = Vault monster count
 F = Vault count percentage of total count
                 A         B        C        D         E       F
            +---------+---------+-------+---------+---------+-------
      Total |      56 |      17 |  23.3 |      33 |       9 |  21.4
            +---------+---------+-------+---------+---------+-------
        D:1 |      40 |       8 |  16.7 |      24 |       4 |  14.3
        D:2 |      16 |       9 |  36.0 |       9 |       5 |  35.7
            +---------+---------+-------+---------+---------+-------
